 Dungeon Crawl Stone Soup version 0.29.1-13-g9f3cf754e1 (webtiles) character file.

Game seed: 15537532317467789250

198490 DemonSlayer the Thaumaturge (level 17, -2/118 HPs)
             Began as a Demonspawn Earth Elementalist on Jan 20, 2023.
             Was the Champion of Cheibriados.
             Killed from afar by a starcursed mass (7 damage)
             ... with an accursed screaming
             ... on level 4 of the Abyss.
             The game lasted 01:48:15 (43244 turns).

DemonSlayer the Thaumaturge (DsEE)                 Turns: 43244, Time: 01:48:16

Health: -2/118     AC: 38    Str: 27    XL:     17   Next: 81%
Magic:  44/44      EV: 21    Int: 40    God:    Cheibriados [******]
Gold:   2384       SH: 12    Dex: 31    Spells: 2/44 levels left

rFire   . . .      SeeInvis .   s - +7 dagger "Dragonbane" {protect, rPois rN+}
rCold   . . .      Faith    .   a - +3 buckler {AC+3}
rNeg    + + +      Spirit   .   z - +8 pearl dragon scales
rPois   +          Reflect  .   (helmet unavailable)
rElec   +          Harm     .   l - +0 cloak of Nueguz {*Slow rElec Regen+ Int+3}
rCorr   .          Rampage  .   J - +2 pair of gloves of the Eagle {rN+ Str+3}
Will    +....      Rage     3%  T - +2 pair of boots {Stlth+}
Stlth   ++++......              y - amulet of regeneration
HPRegen 1.89/turn               i - +4 ring of protection
MPRegen 0.29/turn               e - ring of Yvateloh {MP+9 Slay+3}

@: mighty, under a protective aura, on berserk cooldown, slowed, studying Ranged
Weapons, silenced, unable to drink, very slow
A: horns 3, icemail 1, powered by pain 1, augmentation 2, sturdy frame 2,
condensation shield, [berserk 1], [deformed body], [inability to drink after
injury 2]
}: 1/15 runes: serpentine
a: Renounce Religion


You were on level 4 of the Abyss.
You worshipped Cheibriados.
Cheibriados was exalted by your worship.
You visited 6 branches of the dungeon, and saw 28 of its levels.
You visited the Abyss 2 times.
You also visited: Gauntlet.

You collected 5150 gold pieces.
You spent 2766 gold pieces at shops.

Inventory:

Hand Weapons
 s - the +7 dagger "Dragonbane" (weapon) {protect, rPois rN+}
   (You bought it in a shop on level 2 of the Orcish Mines)

   It grants its wielder temporary protection when it strikes (+7 to AC).
   rPois:     It protects you from poison.
   rN:        It protects you from negative energy.
Missiles
 U - 2 curare-tipped darts
 V - 2 throwing nets
Armour
 a - a +3 buckler of protection (worn)
 l - the +0 cloak of Nueguz (worn) {*Slow rElec Regen+ Int+3}
   (You found it in a Gauntlet)

   Int:       It affects your intelligence (+3).
   rElec:     It insulates you from electricity.
   Regen:     It increases your rate of health regeneration.
   *Slow:     It may slow you when you take damage.
 z - +8 pearl dragon scales (worn)
 J - the +2 pair of gloves of the Eagle (worn) {rN+ Str+3}
   (You acquired it on level 3 of the Lair of Beasts)

   Str:       It affects your strength (+3).
   rN:        It protects you from negative energy.
 M - a +1 kite shield of cold resistance
 T - a +2 pair of boots of stealth (worn)
Jewellery
 e - the ring of Yvateloh (right hand) {MP+9 Slay+3}
   (You bought it in a shop on level 1 of the Elven Halls)

   [ring of magical power]

   Slay:      It affects your accuracy & damage with ranged weapons and melee
   (+3).
   MP:        It affects your magic capacity (+9).
 i - a +4 ring of protection (left hand)
 n - a ring of see invisible
 y - an amulet of regeneration (around neck)
 O - a ring of flight
Wands
 c - a wand of mindburst (15)
 k - a wand of flame (52)
 x - a wand of iceblast (9)
 E - a wand of charming (13)
 H - a wand of digging (7)
 R - a wand of acid (2)
 S - a wand of polymorph (10)
Scrolls
 b - 2 scrolls of blinking
 f - 2 scrolls of immolation
 j - 15 scrolls of teleportation
 o - 8 scrolls of amnesia
 p - 4 scrolls of fog
 q - 2 scrolls of silence
 w - 3 scrolls of poison
 P - 2 scrolls of torment
 Q - 2 scrolls of magic mapping
Potions
 d - 6 potions of flight
 g - 12 potions of mutation
 h - 7 potions of brilliance
 t - 2 potions of might
 u - 10 potions of curing
 v - 5 potions of cancellation
 A - 8 potions of attraction
 B - 2 potions of lignification
 W - 3 potions of magic
Miscellaneous
 L - a condenser vane (inert)
 N - a lightning rod (4/4)
 Y - a phial of floods


   Skills:
 + Level 6.4 Fighting
 + Level 4.7 Short Blades
 + Level 7.5 Maces & Flails
 + Level 3.5 Ranged Weapons
 + Level 1.4 Throwing
 + Level 7.0 Armour
 + Level 9.2 Dodging
 + Level 5.8 Stealth
 + Level 10.4 Shields
 + Level 14.4 Spellcasting
 + Level 13.7 Conjurations
 + Level 0.1 Translocations
 + Level 1.0 Transmutations
 + Level 14.0 Earth Magic
 + Level 3.3 Evocations


You had 2 spell levels left.
You knew the following spells:

 Your Spells              Type           Power      Damage    Failure   Level
a - Sandblast             Erth           100%       2d20      0%          1
b - Stone Arrow           Conj/Erth      100%       3d13      1%          3
c - Petrify               Tmut/Erth      73%        N/A       1%          4
d - Passwall              Tmut/Erth      60%        N/A       1%          2
e - Disjunction           Tloc           14%        N/A       100%        8
f - Blink                 Tloc           58%        N/A       2%          2
g - Metabolic Englaciati  Hex/Ice        14%        N/A       47%         5
h - Dispersal             Tloc           14%        N/A       96%         6
i - Cause Fear            Hex            14%        N/A       19%         4
j - Iskenderun's Mystic   Conj/Tloc      71%        2d14      1%          4
k - Dazzling Flash        Conj/Hex       100%       N/A       1%          3

Your spell library contained the following spells:

 Spells                   Type           Power      Damage    Failure   Level
 Apportation              Tloc           58%        N/A       1%          1
 Beastly Appendage        Tmut           74%        N/A       1%          1
 Necrotise                Necr           100%       1d9       1%          1
 Summon Small Mammal      Summ           100%       N/A       1%          1
 Static Discharge         Conj/Air       71%        3-12/arc  1%          2
 Wereblood                Tmut           37%        N/A       1%          2
 Hailstorm                Conj/Ice       71%        3d15      1%          4
 Sticky Flame             Conj/Fire      71%        2d8       1%          4
 Iskenderun's Battlesphe  Conj           95%        2d14      1%          5
 Irradiate                Conj/Tmut      36%        3d23      2%          5
 Fireball                 Conj/Fire      35%        3d15      3%          5
 Spider Form              Tmut/Pois      33%        N/A       4%          3
 Lesser Beckoning         Tloc           29%        N/A       5%          3
 Frozen Ramparts          Ice            56%        1d9       6%          3
 Inner Flame              Hex/Fire       28%        N/A       6%          3
 Ozocubu's Armour         Ice            28%        N/A       6%          3
 Vampiric Draining        Necr           28%        2d8       6%          3
 Orb of Destruction       Conj           47%        9d12      6%          7
 Ice Form                 Ice/Tmut       33%        N/A       16%         4
 Dispel Undead            Necr           28%        3d13      19%         4
 Passage of Golubria      Tloc           29%        N/A       19%         4
 Summon Ice Beast         Ice/Summ       28%        N/A       19%         4
 Conjure Ball Lightning   Conj/Air       35%        3x3d11    19%         6
 Starburst                Conj/Fire      35%        6d10      19%         6
 Alistair's Intoxication  Tmut/Pois      22%        N/A       41%         5
 Manifold Assault         Tloc           29%        N/A       45%         5
 Agony                    Necr           28%        N/A       47%         5
 Simulacrum               Ice/Necr       14%        N/A       96%         6
 Discord                  Hex            14%        N/A       100%        8


Dungeon Overview and Level Annotations

Branches:
Dungeon (15/15)            Temple (1/1) D:4            Lair (5/5) D:9
 Shoals (0/4) Lair:2        Snake (4/4) Lair:2        Slime (0/5) Lair:4
    Orc (2/2) D:11            Elf (1/3) Orc:2        Vaults (0/5) D:13
 Depths (0/4) D:15        Gauntlet (visited)

Altars:
Ashenzari
Cheibriados
Dithmenos
Fedhas
Gozag
Hepliaklqana
Kikubaaqudgha
Makhleb
Nemelex Xobeh
Okawaru
Qazlal
Ru
Sif Muna
Trog
Uskayaw
Vehumet
Wu Jian
Xom
Yredelemnul
Jiyva

Shops:
D:4 *(   D:8 **   Orc:1 =(   Orc:2 (!::   Elf:1 :=:   Snake:1 *?

Portals:
Pandemonium: Orc:2

Annotations:
D:12 4 transporters
Lair:1 2 transporters


Innate Abilities, Weirdness & Mutations

You have a pair of large horns on your head.
A meltable icy envelope protects you from harm. (AC +0)
You sometimes gain a little power by taking damage.
Your magical and physical power is enhanced at high health.
Your movements are less encumbered by armour. (ER -4)
A meltable shield of frost defends you. (SH +0)
[You sometimes lose your temper in combat.]
[Armour fits poorly on your strangely shaped body.]
[You sometimes lose the ability to drink potions when taking damage.]


Message History

The smoke demon misses you. You block the smoke demon's attack.
The smoke demon hits you but does no damage.
Unknown command.
Unknown command.
Unknown command.
Unknown command.
Unknown command.
Unknown command.
You puncture the wretched star!
The wretched star is moderately damaged.
You are engulfed in a cloud of scalding steam.
The thrashing horror barely misses you. x2
The wretched star pulses with an eldritch light!
Your body twists and deforms.
The starcursed mass barely misses you. The reaper hits you but does no damage.
The thrashing horror tramples you!
* * * LOW HITPOINT WARNING * * *
You hold your ground!
The thrashing horror barely misses you. The smoke demon barely misses you.
You block the smoke demon's attack. The smoke demon closely misses you.
Unknown command.
Unknown command.
Unknown command.
Unknown command.
Unknown command.
Unknown command.
Magic scrolls do not work when you're silenced!
You cannot drink potions in your current state!
You hit the wretched star but do no damage.
The wretched star is lightly damaged.
You are engulfed in a cloud of scalding steam.
The hellwing is no longer moving slowly.
You block the thrashing horror's attack. x2
The starcursed mass closely misses you.
The reaper hits you from afar with a +1 scythe of venom!
* * * LOW HITPOINT WARNING * * *
The smoke demon closely misses you. You block the smoke demon's attack.
The smoke demon hits you but does no damage.
A chorus of shrieks assaults your mind.
You die...

#. . #. .# # .
.....#.....#.
.#..#..#..#.. # .
###.#..#.#....# . .
#. .§☼X#...... ..#
#. #.>§#°§..W4X#.. #
# . S#°§.§.X24X. .§§
#
.#..z*##..§3XX3##.§#
.#.## ##.# #X@*XX# .
. .. . ######.# # 3.
#. .# .# ...)# .#.#
# ).# .# . #.# .. #
.*N .. # #.. ... ##


X.X You could see 4 starcursed masses, a reaper, a wretched star (unsilenced), 4
thrashing horrors, a large abomination, a hellwing, a silent spectre
(silencing), a smoke demon (unsilenced), a neqoxec (unsilenced) and a chaos
spawn.

Vanquished Creatures
  Jorgrun (D:12)
  A deep elf blademaster (Elf:1)
  3 tentacled starspawn
  Frances (D:12)
  Kirke (Snake:4)
  14 nagarajas
  The ghost of zlionsfan the Slicer, an adept MfDe of Qazlal (Orc:2)
  Aizul (Snake:4)
  A stone giant (D:15)
  An entropy weaver (Gauntlet)
  A minotaur (Gauntlet)
  Azrael (D:13)
  Snorg (D:11)
  A great orb of eyes (Abyss:2)
  Harold (D:10)
  A vault guard (D:13)
  4 hydras
  2 salamander tyrants (Snake:4)
  3 starcursed masses (Abyss:2)
  5 boulder beetles
  3 demonspawn (Orc:2)
  6 anacondas
  An ogre mage (D:15)
  4 centaur warriors
  18 two-headed ogres
  3 tengu warriors
  9 naga warriors
  6 death yaks
  8 thrashing horrors (Abyss:4)
  Urug (Lair:4)
  9 naga sharpshooters
  8 orc high priests
  A sun demon (Orc:2)
  6 shock serpents
  Nergalle (Lair:1)
  Sonja (D:10)
  3 wretched stars
  3 deep elf knights (Elf:1)
  Lodul (D:12)
  A fire crab (Lair:5)
  5 naga ritualists
  4 sea snakes (Snake:3)
  Pikel (D:3)
  4 deep elf archers (Elf:1)
  A lindwurm (Lair:2)
  6 orc knights
  5 wizards (D:12)
  5 orc sorcerers (Orc:2)
  6 deep elf pyromancers
  3 deep elf zephyrmancers (Elf:1)
  9 mana vipers
  13 ugly things
  2 manticores
  6 cyclopes
  8 salamanders
  An apocalypse crab (Abyss:2)
  29 black mambas
  6 elephants (Lair:4)
  5 smoke demons
  7 guardian serpents
  18 naga magi
  6 cane toads
  5 large abominations
  A gargoyle (D:12)
  An unseen horror (Abyss:2)
  6 komodo dragons
  2 kobold demonologists (D:11)
  A freezing wraith (D:14)
  2 rime drakes
  A tengu conjurer (D:14)
  An ice devil (Orc:2)
  A tormentor (Abyss:4)
  An efreet (D:15)
  An ancient zyme (Abyss:2)
  A polar bear (Lair:3)
  10 trolls
  3 meliai (D:15)
  3 hornets
  Grinder (D:4)
  4 raiju (Abyss:2)
  5 slime creatures
  7 blink frogs
  5 small abominations
  6 wyverns
  2 ynoxinuls
  2 vampires
  3 wraiths
  Eustachio (D:4)
  10 humans (D:13)
  2 steam dragons
  32 yaks
  7 basilisks
  A hog (Snake:4)
  2 fire elementals (D:13)
  10 vampire mosquitoes
  A redback (Gauntlet)
  Edmund (D:6)
  5 wargs
  4 acid dragons
  41 nagas
  Duvessa (D:4)
  3 hell hounds (D:13)
  9 water moccasins
  4 ice beasts
  37 orc warriors
  3 black bears
  14 ogres
  A sky beast (D:7)
  10 wolves (Lair:1)
  A boggart (shapeshifter) (D:14)
  2 centaurs (Lair:2)
  3 kobold brigands
  9 bullfrogs
  A necrophage (D:6)
  A gnoll sergeant (D:11)
  13 wights
  Dowan (D:4)
  13 killer bees
  6 howler monkeys
  11 jellies
  2 hounds
  Crazy Yiuf (D:5)
  3 gnoll boudas
  32 orc priests
  4 iguanas
  25 orc wizards
  Ijyb (D:3)
  14 gnolls
  4 adders
  3 shadow imps
  4 white imps
  2 ufetubi (D:5)
  2 worms
  A dart slug (D:1)
  91 orcs
  7 ball pythons
  18 endoplasms
  2 giant cockroaches
  7 goblins
  5 hobgoblins
  3 quokkas
  2 training dummies (D:4)
  A bat (D:3)
  4 frilled lizards
  24 kobolds
  6 rats
  A lurking horror (Abyss:2)
  2 starspawn tentacles (Abyss:2)
894 creatures vanquished.

Vanquished Creatures (collateral kills)
  A bone dragon (Abyss:4)
  2 nagarajas (Snake:4)
  2 naga warriors (Snake:4)
  3 death yaks
  A naga sharpshooter (Snake:4)
  A naga ritualist (Snake:4)
  A salamander (Snake:4)
  A guardian serpent (Snake:4)
  A basilisk (Lair:1)
13 creatures vanquished.

Vanquished Creatures (others)
  2 deep elf knights (Elf:1)
  A wizard (D:12)
  A mana viper (Snake:4)
  3 humans
  A small abomination (Gauntlet)
  17 fungi
  27 plants
  4 starspawn tentacles (Abyss:4)
56 creatures vanquished.

Grand Total: 963 creatures vanquished

Notes
Turn   | Place    | Note
-------+----------+-------------------------------------------
     0 | D:1      | DemonSlayer the Demonspawn Earth Elementalist began the
                  | quest for the Orb.
     0 | D:1      | Reached XP level 1. HP: 13/13 MP: 3/3
   203 | D:1      | Gained mutation: You have a pair of small horns on your
                  | head. [demonic ancestry]
   203 | D:1      | Reached XP level 2. HP: 19/19 MP: 0/5
  1276 | D:2      | Reached XP level 3. HP: 24/24 MP: 4/6
  1801 | D:2      | Learned a level 3 spell: Stone Arrow
  2144 | D:3      | Noticed Ijyb
  2162 | D:3      | Killed Ijyb
  2163 | D:3      | Gained mutation: Your movements are slightly less
                  | encumbered by armour. (ER -2) [demonic ancestry]
  2163 | D:3      | Reached XP level 4. HP: 17/30 MP: 3/7
  2881 | D:3      | Learned a level 4 spell: Petrify
  2902 | D:4      | Noticed an ogre
  2903 | D:4      | Noticed a lemure
  2903 | D:4      | Noticed a lemure
  2905 | D:4      | Noticed Pikel
  2911 | D:3      | Killed an ogre
  2912 | D:3      | Gained mutation: You have a pair of horns on your head.
                  | [demonic ancestry]
  2912 | D:3      | Reached XP level 5. HP: 34/36 MP: 0/9
  3036 | D:4      | Noticed Eustachio
  3161 | D:4      | Killed Eustachio
  3162 | D:4      | Reached skill level 1 in Conjurations
  3162 | D:4      | Reached XP level 6. HP: 42/42 MP: 6/11
  3341 | D:3      | Killed Pikel
  3342 | D:3      | Reached skill level 1 in Fighting
  3342 | D:3      | Reached skill level 1 in Short Blades
  3342 | D:3      | Reached skill level 5 in Earth Magic
  3342 | D:3      | Gained mutation: You sometimes gain a little power by
                  | taking damage. [demonic ancestry]
  3342 | D:3      | Reached XP level 7. HP: 6/48 MP: 3/14
  3606 | D:4      | Identified a scroll of acquirement
  3606 | D:4      | Acquired a +2 buckler of protection
  3691 | D:4      | Found Iclow's General Store.
  3701 | D:4      | Found Tuppud's Antique Weapon Shop.
  3745 | D:4      | Noticed Grinder
  3750 | D:4      | Killed Grinder
  3751 | D:4      | Reached skill level 5 in Spellcasting
  3751 | D:4      | Reached XP level 8. HP: 56/56 MP: 1/15
  3874 | D:4      | Found a staircase to the Ecumenical Temple.
  4021 | Temple   | Entered the Ecumenical Temple
  4028 | Temple   | Became a worshipper of Cheibriados the Contemplative
  4073 | D:4      | Bought a potion of curing for 42 gold pieces
  4073 | D:4      | Bought a scroll of teleportation for 42 gold pieces
  4073 | D:4      | Bought a scroll of teleportation for 42 gold pieces
  4103 | D:4      | Noticed Duvessa
  4104 | D:4      | Noticed Dowan
  4114 | D:4      | Killed Duvessa
  4115 | D:4      | Reached skill level 1 in Evocations
  4116 | D:4      | Killed Dowan
  4407 | D:4      | Found a hide-covered altar of Uskayaw.
  4415 | D:4      | Learned a level 2 spell: Passwall
  4444 | D:5      | Entered Level 5 of the Dungeon
  4633 | D:5      | Found a shimmering altar of Xom.
  4727 | D:5      | Found a sacrificial altar of Ru.
  5491 | D:5      | Found a runed translucent door.
  5492 | D:5      | Noticed Crazy Yiuf
  5709 | D:5      | Killed Crazy Yiuf
  6073 | D:6      | Reached * piety under Cheibriados
  6257 | D:6      | Gained mutation: You have a pair of large horns on your
                  | head. [demonic ancestry]
  6257 | D:6      | Reached XP level 9. HP: 59/61 MP: 4/18
  6698 | D:6      | Reached skill level 1 in Shields
  7578 | D:6      | Noticed Edmund
  7588 | D:6      | Killed Edmund
  7588 | D:6      | Reached ** piety under Cheibriados
  7735 | D:6      | Reached skill level 5 in Conjurations
  7929 | D:6      | Acquired 620 gold pieces
  8530 | D:4      | Bought a crude arbalest for 256 gold pieces
  8530 | D:4      | Identified the +2 arbalest "Buavome" {penet, rF++ Str+3
                  | Dex-4} (You bought it in a shop on level 4 of the Dungeon)
  8530 | D:4      | Bought a glowing glaive for 256 gold pieces
  8800 | D:7      | Noticed a two-headed ogre
  8808 | D:7      | Killed a two-headed ogre
  8809 | D:7      | Reached skill level 1 in Maces & Flails
  8809 | D:7      | Reached skill level 1 in Ranged Weapons
  8824 | D:6      | Reached XP level 10. HP: 43/68 MP: 16/20
  8901 | D:7      | Noticed a boulder beetle
  9134 | D:8      | Reached skill level 1 in Transmutations
  9401 | D:8      | Reached *** piety under Cheibriados
  9580 | D:8      | Found Pisseib's Lightly-Used Armoury.
 10107 | D:8      | Found a hazy altar of Hepliaklqana.
 10204 | D:8      | Found Gulesum's Goods Gallery.
 10230 | D:8      | Bought a +0 pair of gloves for 54 gold pieces
 10332 | D:7      | Killed a boulder beetle
 10555 | D:7      | Got the Quarto of the Injurious Traveller
 10565 | D:7      | Learned a level 8 spell: Disjunction
 10875 | D:7      | Reached **** piety under Cheibriados
 11523 | D:7      | Reached XP level 11. HP: 49/74 MP: 16/23
 12056 | D:9      | Found a basalt altar of Yredelemnul.
 12067 | D:9      | Reached ***** piety under Cheibriados
 12387 | D:9      | Found a staircase to the Lair.
 12904 | Lair:1   | Entered Level 1 of the Lair of Beasts
 12971 | Lair:1   | Reached skill level 1 in Armour
 13275 | Lair:1   | Found a transporter.
 13327 | Lair:1   | Found a transporter.
 13359 | Lair:1   | Noticed Nergalle
 13363 | Lair:1   | Killed Nergalle
 13718 | Lair:2   | Found a gate leading to a gauntlet.
 13721 | Gauntlet | Entered a Gauntlet
 13721 | Gauntlet | Found a transporter.
 13727 | Gauntlet | Noticed a shock serpent
 13729 | Gauntlet | Noticed an orb spider
 13729 | Gauntlet | a shock serpent changed into an orb spider
 13730 | Gauntlet | Found a transporter.
 13732 | Gauntlet | Noticed a fire crab
 13733 | Gauntlet | an orb spider changed into an elephant
 13750 | Gauntlet | Found a transporter.
 13753 | Gauntlet | Noticed a death yak
 13753 | Gauntlet | Noticed a death yak
 13757 | Gauntlet | Noticed a death yak
 13758 | Gauntlet | Noticed a death yak
 13759 | Gauntlet | Noticed a death yak
 13768 | Gauntlet | Found a transporter.
 13781 | Gauntlet | Found a transporter.
 13789 | Gauntlet | Found a transporter.
 13790 | Gauntlet | Found a transporter.
 13791 | Gauntlet | Found a transporter.
 13809 | Gauntlet | Noticed a wretched star
 13820 | Gauntlet | Noticed an entropy weaver
 13824 | Gauntlet | Found a transporter.
 13824 | Gauntlet | Found a transporter.
 13828 | Gauntlet | Found a transporter.
 13868 | Gauntlet | Found a transporter.
 13895 | Gauntlet | Noticed a shining eye
 13895 | Gauntlet | an elephant changed into a shining eye
 13897 | Gauntlet | Noticed a two-headed ogre
 13897 | Gauntlet | a shining eye changed into a two-headed ogre
 13904 | Gauntlet | Noticed a mana viper
 13904 | Gauntlet | a two-headed ogre changed into a mana viper
 13914 | Gauntlet | a mana viper changed into a floating eye
 13917 | Gauntlet | Noticed a swamp dragon
 13917 | Gauntlet | a komodo dragon changed into a swamp dragon
 13917 | Gauntlet | a swamp dragon changed into a moth of wrath
 13929 | Gauntlet | Noticed a swamp dragon
 13929 | Gauntlet | a merfolk changed into a swamp dragon
 13932 | Gauntlet | a swamp dragon changed into a floating eye
 13938 | Gauntlet | Noticed a shining eye
 13938 | Gauntlet | an eye of devastation changed into a shining eye
 13939 | Gauntlet | a shining eye changed into a swamp worm
 13939 | Gauntlet | Noticed a glowing orange brain
 13939 | Gauntlet | a swamp worm changed into a glowing orange brain
 13940 | Gauntlet | a glowing orange brain changed into a moth of wrath
 13952 | Gauntlet | Noticed a glowing shapeshifter
 13952 | Gauntlet | an eye of devastation changed into a glowing shapeshifter
 13952 | Gauntlet | a glowing shapeshifter changed into a redback
 13954 | Gauntlet | Noticed a death drake
 13954 | Gauntlet | a torpor snail changed into a death drake
 13960 | Gauntlet | Noticed a shining eye
 13960 | Gauntlet | a swamp worm changed into a shining eye
 13998 | Gauntlet | Noticed an orb spider
 14005 | Gauntlet | Noticed a deep troll
 14005 | Gauntlet | a redback changed into a deep troll
 14007 | Gauntlet | a deep troll changed into an elephant
 14026 | Gauntlet | Killed an entropy weaver
 14422 | Gauntlet | Identified the +0 cloak of Nueguz {*Slow rElec Regen+
                  | Int+3}
 14439 | Gauntlet | Noticed a harpy
 14439 | Gauntlet | a harpy changed into a guardian serpent
 14439 | Gauntlet | Noticed a radroach
 14460 | Gauntlet | Killed a wretched star
 14720 | Gauntlet | Identified the +0 pair of gloves of the Cockatrice {Str+3}
 14767 | Gauntlet | Noticed a minotaur
 14777 | Gauntlet | Killed a minotaur
 14778 | Gauntlet | Reached skill level 5 in Stealth
 14943 | Lair:2   | Found a staircase to the Shoals.
 14961 | Lair:2   | Noticed a death yak
 14962 | Lair:2   | Noticed a death yak
 14962 | Lair:2   | Noticed a death yak
 14962 | Lair:2   | Noticed a death yak
 14968 | Lair:2   | Noticed a death yak
 14987 | Lair:1   | Killed a death yak
 14988 | Lair:1   | Killed a death yak
 15128 | Lair:1   | Noticed a fire crab
 15179 | Lair:1   | Killed a death yak
 15180 | Lair:1   | Gained mutation: Your movements are less encumbered by
                  | armour. (ER -4) [demonic ancestry]
 15180 | Lair:1   | Reached XP level 12. HP: 81/81 MP: 7/25
 15302 | Lair:2   | Killed a death yak
 15316 | Lair:2   | Killed a death yak
 15646 | Lair:2   | Noticed a four-headed hydra
 15653 | Lair:2   | Killed a four-headed hydra
 15654 | Lair:2   | Reached skill level 5 in Dodging
 15659 | Lair:2   | Noticed a boulder beetle
 15667 | Lair:2   | Killed a boulder beetle
 16066 | Lair:2   | Found a staircase to the Snake Pit.
 16104 | Lair:2   | Reached ****** piety under Cheibriados
 16129 | Lair:2   | Reached skill level 10 in Earth Magic
 16507 | Lair:3   | Learned a level 2 spell: Blink
 16518 | Lair:3   | Learned a level 5 spell: Metabolic Englaciation
 16783 | Lair:3   | Reached skill level 10 in Spellcasting
 17380 | Lair:3   | Acquired the +2 pair of gloves of the Eagle {rN+ Str+3}
 17864 | Lair:3   | Learned a level 6 spell: Dispersal
 18198 | Lair:4   | Gained mutation: Your magical and physical power is
                  | slightly enhanced at high health. [demonic ancestry]
 18198 | Lair:4   | Reached XP level 13. HP: 88/88 MP: 9/27
 18367 | Lair:4   | Found a staircase to the Slime Pits.
 18368 | Lair:4   | Found a viscous altar of Jiyva.
 18378 | Lair:4   | Noticed Urug
 18388 | Lair:4   | Killed Urug
 19450 | Lair:5   | Entered Level 5 of the Lair of Beasts
 19786 | D:10     | Entered Level 10 of the Dungeon
 19969 | D:10     | Noticed Sonja
 19972 | D:10     | Killed Sonja
 20226 | D:10     | Reached skill level 5 in Shields
 20431 | D:10     | Found an opulent altar of Gozag.
 20585 | D:10     | Reached skill level 10 in Conjurations
 20732 | D:10     | Noticed Harold
 20741 | D:10     | Killed Harold
 21490 | D:11     | Reached skill level 1 in Throwing
 21503 | D:11     | Found a staircase to the Orcish Mines.
 21829 | D:11     | You are sucked into a shaft and drop 1 floor!
 21829 | D:12     | Found a transporter.
 21847 | D:12     | Found a transporter.
 21873 | D:12     | Reached skill level 5 in Maces & Flails
 22094 | D:12     | Noticed Jorgrun
 22104 | D:12     | Killed Jorgrun
 22201 | D:12     | Gained mutation: A meltable shield of frost defends you.
                  | (SH +0) [demonic ancestry]
 22201 | D:12     | Reached XP level 14. HP: 96/96 MP: 4/29
 22335 | D:12     | Found a transporter.
 22349 | D:12     | Found a transporter.
 22357 | D:12     | Noticed Frances
 22375 | D:12     | Killed Frances
 22376 | D:12     | Reached skill level 5 in Armour
 22488 | D:12     | Noticed Lodul
 22496 | D:12     | Killed Lodul
 22952 | Abyss:2  | Cast into level 2 of the Abyss (a wizard)
 23047 | Abyss:2  | Noticed a starcursed mass
 23160 | Abyss:2  | Noticed a tentacled starspawn
 23173 | Abyss:2  | Killed a tentacled starspawn
 23321 | Abyss:2  | Reached skill level 5 in Fighting
 23337 | D:12     | Escaped the Abyss
 23727 | D:11     | Noticed Snorg
 23741 | D:11     | Killed Snorg
 24729 | D:13     | Identified the +5 arbalest "Ytutwips" {elec, rF- Str-4
                  | Int+8 SInv}
 24731 | D:13     | Found a gate to the Vaults.
 25596 | D:13     | Noticed Azrael
 25612 | D:13     | Killed Azrael
 26608 | D:14     | Gained mutation: Your magical and physical power is
                  | enhanced at high health. [demonic ancestry]
 26608 | D:14     | Reached XP level 15. HP: 103/103 MP: 22/31
 27463 | D:14     | Found a blossoming altar of Fedhas.
 27492 | D:14     | Learned a level 4 spell: Cause Fear
 27523 | D:15     | Entered Level 15 of the Dungeon
 27603 | D:15     | Found a staircase to the Depths.
 28709 | Orc:1    | Entered Level 1 of the Orcish Mines
 29211 | Orc:1    | Found Vatseit's Jewellery Boutique.
 29726 | Orc:1    | Found Asuf's Weapon Emporium.
 29884 | Orc:2    | Entered Level 2 of the Orcish Mines
 29912 | Orc:2    | Found a staircase to the Elven Halls.
 29921 | Orc:2    | Found Uta Jona's Book Boutique.
 30580 | Orc:2    | Found Bidysm's Magic Scroll Emporium.
 30594 | Orc:2    | Found Biklacly's Distillery.
 31245 | Orc:2    | Bought a potion of curing for 33 gold pieces
 31245 | Orc:2    | Bought a potion of berserk rage for 55 gold pieces
 31245 | Orc:2    | Bought a potion of might for 44 gold pieces
 31667 | Orc:2    | Found a transporter.
 31980 | Orc:2    | Noticed zlionsfan's ghost (adept MfDe)
 32031 | Orc:2    | Found a transporter.
 32371 | Orc:2    | Found Zodos's Book Boutique.
 32371 | Orc:2    | Found Feaj's Antique Weapon Shop.
 32371 | Orc:2    | Found a one-way gate leading to the halls of Pandemonium.
 32477 | Orc:2    | Bought a translucent dagger for 273 gold pieces
 32477 | Orc:2    | Identified the +7 dagger "Dragonbane" {protect, rPois rN+}
                  | (You bought it in a shop on level 2 of the Orcish Mines)
 32477 | Orc:2    | Bought a bloodstained lajatang for 780 gold pieces
 32477 | Orc:2    | Identified the +1 lajatang of Dodatiuf {flame, Dex+4} (You
                  | bought it in a shop on level 2 of the Orcish Mines)
 32748 | Orc:2    | Killed zlionsfan's ghost
 33148 | Snake:1  | Entered Level 1 of the Snake Pit
 33213 | Snake:1  | Gained mutation: A meltable icy envelope protects you from
                  | harm. (AC +0) [demonic ancestry]
 33213 | Snake:1  | Reached XP level 16. HP: 109/111 MP: 12/32
 34599 | Snake:1  | Found Qeteb's Assorted Antiques.
 34857 | Snake:1  | Found Notoddeu's Magic Scroll Boutique.
 34867 | Snake:1  | Bought a scroll of teleportation for 48 gold pieces
 34867 | Snake:1  | Bought a scroll of teleportation for 48 gold pieces
 34867 | Snake:1  | Bought a scroll of blinking for 120 gold pieces
 35263 | Snake:1  | Learned a level 4 spell: Iskenderun's Mystic Blast
 37386 | Snake:3  | Learned a level 3 spell: Dazzling Flash
 38399 | Snake:4  | Entered Level 4 of the Snake Pit
 39355 | Snake:4  | Reached XP level 17. HP: 103/117 MP: 12/34
 39772 | Snake:4  | Noticed Aizul
 39783 | Snake:4  | Killed Aizul
 40492 | Snake:4  | Noticed Kirke
 40508 | Snake:4  | Killed Kirke
 41413 | Snake:4  | Reached skill level 10 in Shields
 41621 | Snake:4  | Got a serpentine rune of Zot
 42240 | Elf:1    | Entered Level 1 of the Elven Halls
 42247 | Elf:1    | Identified the amulet "Ygen" {Faith rPois rC+ rN+ Will-}
 42342 | Elf:1    | Noticed a deep elf blademaster
 42358 | Elf:1    | Killed a deep elf blademaster
 42468 | Elf:1    | Identified the +9 short sword "Vedghatu" {holy, rCorr}
 42650 | Elf:1    | Found Ceses's Book Shop.
 42650 | Elf:1    | Found Suaxzadd's Jewellery Emporium.
 42652 | Elf:1    | Found Ninoizan's Book Shop.
 42660 | Elf:1    | Bought the ring of Yvateloh {MP+9 Slay+3} for 673 gold
                  | pieces
 42922 | Abyss:4  | Cast into level 4 of the Abyss (a deep elf sorcerer)
 43187 | Abyss:4  | Noticed a bone dragon
 43234 | Abyss:4  | Killed a bone dragon
 43244 | Abyss:4  | HP: 5/118 [reaper/+1 scythe of venom (12)]
 43244 | Abyss:4  | Killed from afar by a starcursed mass

Illustrated notes

Levels and vault maps discovered:
D:1:      dpeg_arrival_rhombus, layout_basic, chequers_serial_rivers_marsh,
          minmay_misc_feat_enclosed, nrook_mini_backslash, serial_bayou_lake_a
D:2:      layout_rooms, moated_statue, hangedman_decor_slide_cut,
          kennysheep_generic_room_8
D:3:      layout_loops_cross, uniq_ijyb
D:4:      dreamdust_elfheim, layout_basic, gammafunk_temple_overflow_wave,
          minmay_temple_entry_mini_moons, serial_shops,
          nicolae_shop_overgrown_old_shop, nicolae_shop_hallway_plus,
          uniq_duvessa, uniq_eustachio, uniq_grinder, uniq_pikel
D:5:      layout_rooms, lemuel_coloured_pillars_altar, hangedman_ru_absence,
          serial_glass, glass_columns_c, glass_columns_a, glass_columns_a,
          glass_columns_a, glass_columns_a, glass_columns_b, glass_columns_c,
          glass_columns_a, glass_columns_a, glass_columns_a, glass_columns_b,
          glass_columns_b, glass_columns_b, glass_columns_b,
          chequers_serial_rivers_room_a, palyth_stone_intersect,
          uniq_crazy_yiuf_cottage
D:6:      minmay_skewed_foursquare, layout_basic, roderic_serpentine_path,
          kennysheep_cross_room, uniq_edmund
D:7:      minmay_the_grid_four_pointed_star [minmay_the_grid_triangle_9x9_sprig,
          minmay_the_grid_triangle_9x9_from_above,
          minmay_the_grid_triangle_9x9_thin_v,
          minmay_the_grid_triangle_9x9_pentomino_pain,
          minmay_the_grid_prize_trominoes], layout_rooms, eino_jars
D:8:      layout_basic, nzn_hepliaklqana_mist_gate, nicolae_alphabet_shops,
          minmay_shop_damaged
D:9:      layout_roguey, david_lair_generic, kennysheep_small_circle
D:10:     minmay_weird_star, layout_gridville,
          mainiacjoe_overflow_large_starburst, nzn_life_drinkers, uniq_harold,
          uniq_sonja
D:11:     layout_loops_ring, hiddenorc2_lemuel, uniq_snorg
D:12:     minmay_wizard_corner, layout_rooms, nicolae_transporter_intersection,
          uniq_frances, uniq_jorgrun, uniq_lodul
D:13:     layout_stronghold, ximxim_vaults_locker_room,
          kennysheep_generic_room_11, uniq_azrael
D:14:     layout_roguey, infiniplex_staircase_river, minmay_statues_item,
          fedhas_altar_4
D:15:     grunt_enter_depths_giant_problem, layout_rooms, grunt_ministairs_3
Temple:   nicolae_temple_no_exploring_needed
Lair:1:   gammafunk_cloud_chamber, layout_chaotic_city, serial_bayou_crossing,
          grunt_megastairs_1, uniq_nergalle
Lair:2:   layout_misc_corridors, minmay_shoals_entry_centaurs,
          minmay_snake_entry_guardpost_medium, gauntlet_entry_generic
Lair:3:   layout_roguey, grunt_megastairs_4, infiniplex_staircase_pool_2
Lair:4:   lemuel_slime, layout_regular_city, slime_entry_1, uniq_urug
Lair:5:   grunt_lair_end_beastmaster, layout_loops_ring
Snake:1:  cheibrodos_snake_ritualist_ritual, layout_gridlike, serial_shops,
          nicolae_shop_overgrown_old_shop, shop_fountains
Snake:2:  layout_layer_cave, nicolae_snake_slithery_hallway
Snake:3:  layout_layer_cave, chequers_hall_statues_corner_a,
          serial_bayou_shore_a
Snake:4:  grunt_snake_rune_spirals, layout_onion, fake_guardian_serpent_vault,
          uniq_aizul, uniq_kirke
Orc:1:    layout_diamond_mine, serial_shops, nicolae_lakefront_shop,
          minmay_shop_enchanted_jewellery
Orc:2:    pf_orc_diabolical, layout_caves, serial_shops, shop,
          gammafunk_ghost_smash
Elf:1:    cheibrodos_elf_bladeworks, layout_gridlike, hangedman_corner_corridor,
          minmay_shop_grove
Abyss:4:  base:
Elf:1

Skill      XL: |  1  2  3  4  5  6  7  8  9 10 11 12 13 14 15 16 17 |
---------------+----------------------------------------------------+-----
Earth Magic    | 3 4 5 6 7 8 9 10 11 12 13 14 | 14.0
Stealth        | 2 3 4 5 |  5.8
Spellcasting   | 3 4 5 6 7 8 9 10 11 12 13 14 | 14.4
Dodging        | 2 3 4 5 6 7 8 9 |  9.2
Conjurations   | 1 2 3 4 6 7 8 9 10 11 12 13 | 13.7
Fighting       | 1 2 3 4 5 6 |  6.4
Short Blades   | 1 2 3 4 |  4.7
Evocations     | 1 2 3 |  3.3
Shields        | 1 3 4 5 6 8 9 10 | 10.4
Maces & Flails | 1 2 4 5 6 7 |  7.5
Ranged Weapons | 1 3 |  3.5
Transmutations | 1 |  1.0
Armour         | 2 3 4 5 6 7 |  7.0
Throwing       | 1 |  1.4
Translocations | |  0.1

Action                   |  1- 3 |  4- 6 |  7- 9 | 10-12 | 13-15 | 16-18 || total
-------------------------+-------+-------+-------+-------+-------+-------++-------
Melee: Unarmed           |     1 |       |       |       |       |       ||     1
       Dagger            |     9 |    16 |    19 |       |    66 |   397 ||   507
       Headbutt          |     1 |     3 |     9 |    46 |   144 |   132 ||   335
       Whip              |     1 |       |       |       |       |       ||     1
       Mace              |       |       |    19 |   180 |   475 |       ||   674
 Fire: Arbalest          |       |       |    18 |    27 |       |       ||    45
Throw: Throwing net      |       |       |       |     3 |     3 |       ||     6
       Dart              |       |       |       |     2 |     6 |       ||     8
 Cast: Sandblast         |    60 |     6 |     9 |     1 |       |       ||    76
       Stone Arrow       |     1 |    18 |    96 |   296 |   684 |   539 ||  1634
       Petrify           |       |       |       |     3 |       |       ||     3
       Blink             |       |       |       |       |     4 |       ||     4
Evoke: Wand              |       |     3 |     1 |    19 |     4 |       ||    27
       Condenser vane    |       |       |       |       |     1 |     2 ||     3
       Lightning rod     |       |       |       |       |       |     2 ||     2
       Phial of floods   |       |       |       |       |       |     1 ||     1
  Use: Potion            |     2 |     5 |     1 |     3 |     8 |     5 ||    24
       Scroll            |       |       |    20 |    16 |    11 |     6 ||    53
 Stab: Sleeping          |     1 |       |     2 |     1 |     3 |     3 ||    10
       Distracted        |     1 |       |       |       |     2 |     2 ||     5
Armor: Leather armour    |     8 |     6 |    13 |       |       |       ||    27
       Robe              |     1 |       |       |       |       |       ||     1
       Steam dragon scal |       |       |    21 |    35 |       |       ||    56
       Acid dragon scale |       |       |       |    48 |       |       ||    48
       Pearl dragon scal |       |       |       |   139 |   447 |   410 ||   996
       Troll leather arm |       |       |       |       |     1 |       ||     1
Dodge: Dodged            |    12 |    17 |    57 |   412 |   641 |   632 ||  1771
Block: Buckler           |       |       |    13 |   250 |   672 |   746 ||  1681
